 Dungeon Crawl Stone Soup version 0.26.0-18-gc5c842f807 (webtiles) character file.

Game seed: 6457014044294351069

1073 kaeus the Firebug (level 8, 0/41 HPs)
             Began as a Gargoyle Fire Elementalist on Jan 23, 2021.
             Was a Believer of the Shining One.
             Slain by an orc warrior
             ... wielding a cursed -2 dire flail
              (15 damage)
             ... on level 6 of the Dungeon.
             The game lasted 00:13:32 (5436 turns).

kaeus the Firebug (Gargoyle Fire Elementalist)      Turns: 5436, Time: 00:13:33

Health: 0/41       AC: 10    Str: 12    XL:     8   Next: 29%
Magic:  0/23       EV: 12    Int: 18    God:    the Shining One [**....]
Gold:   258        SH:  0    Dex: 10    Spells: 5/15 levels left

rFire    + . .     SeeInvis .   u - +3 long sword (holy)
rCold    x . .     Faith    .   (no shield)
rNeg     + + .     Spirit   +   a - +0 robe
rPois    ∞         Reflect  .   (no helmet)
rElec    +         Harm     .   e - +2 cloak
rCorr    .         Rampage  .   (no gloves)
Will     .....                  (no boots)
Stlth    +.........             g - amulet of guardian spirit
HPRegen  0.13/turn              n - ring of magical power
MPRegen  0.18/turn              w - ring of fire

@: glowing
A: negative energy resistance 1, electricity resistance, unbreathing,
petrification resistance, miasma immunity, AC +5
a: Renounce Religion, Divine Shield


You were on level 6 of the Dungeon.
You worshipped the Shining One.
The Shining One was pleased with you.
You visited 1 branch of the dungeon, and saw 6 of its levels.

You collected 258 gold pieces.

Inventory:

Hand Weapons
 u - a +3 long sword of holy wrath (weapon)
Armour
 a - a +0 robe (worn)
 e - a +2 cloak (worn)
Jewellery
 f - a +6 ring of strength
 g - an amulet of guardian spirit (around neck)
 k - an uncursed amulet of the acrobat
 n - a ring of magical power (left hand)
 r - an uncursed ring of protection from cold
 w - a ring of fire (right hand)
Wands
 D - a wand of iceblast (6)
Scrolls
 d - a scroll of fog
 l - 2 scrolls of immolation
 q - 2 scrolls of remove curse
 t - a scroll of blinking
 y - a scroll of teleportation
 A - a scroll of identify
 B - a scroll of noise {unknown}
Potions
 b - a potion of degeneration {unknown}
 c - 3 potions of curing
 h - a potion of brilliance {unknown}
 j - a potion of might {unknown}
 m - a potion of lignification {unknown}
 o - 2 potions of cancellation
 p - 2 potions of flight {unknown}
 s - a potion of resistance {unknown}
 v - 2 potions of mutation {unknown}
 x - a potion of berserk rage {unknown}
 z - 2 potions of attraction {unknown}
 C - a potion of magic {unknown}


   Skills:
 - Level 1.5 Dodging
 - Level 2.1 Stealth
 + Level 4.2 Spellcasting
 * Level 6.5 Conjurations
 * Level 6.7 Fire Magic


You had 5 spell levels left.
You knew the following spells:

 Your Spells              Type           Power        Failure   Level
a - Foxfire               Conj/Fire      100%         1%          1
b - Sticky Flame          Conj/Fire      41%          10%         4
c - Fireball              Conj/Fire      20%          26%         5

Your spell library contained the following spells:

 Spells                   Type           Power        Failure   Level
 Conjure Flame            Conj/Fire      41%          2%          3
 Inner Flame              Hex/Fire       24%          11%         3
 Summon Small Mammal      Summ           12%          14%         1
 Call Imp                 Summ           3%           22%         2
 Call Canine Familiar     Summ           3%           41%         3
 Summon Guardian Golem    Hex/Summ       3%           41%         3
 Summon Ice Beast         Ice/Summ       3%           82%         4
 Summon Lightning Spire   Summ/Air       3%           82%         4


Dungeon Overview and Level Annotations

Branches:
Dungeon (6/15)
 Temple: D:4-7

Altars:
Ashenzari
Cheibriados
Elyvilon
Okawaru
Ru
Uskayaw
The Shining One


Innate Abilities, Weirdness & Mutations

You are resistant to torment.
Your stone body is resilient. (AC +5)
You are immune to poison.
You resist negative energy. (rN+)
You are resistant to electric shocks. (rElec)
You can survive without breathing.
You are immune to petrification.
You are immune to miasma.


Message History

You slash the orc priest!
You kill the orc priest!
The Shining One accepts your kill.
You can now call upon the Shining One for a divine shield.
The orc warrior completely misses you.
The orc warrior hits you with a cursed -2 dire flail!
* * * LOW HITPOINT WARNING * * *
You take 14 damage, and have 4/41 hp.
MASSIVE DAMAGE!!
You feel much better.
You regained 28 hp, and now have 32/41 hp.
You hit the orc warrior.
The orc warrior is lightly wounded.
The orc warrior misses you.
The orc warrior hits you with a cursed -2 dire flail!!
You take 17 damage, and have 15/41 hp.
MASSIVE DAMAGE!!
Casting: Foxfire (safe; 1% risk of failure)
Confirm with . or Enter, or press ? or * to list all spells.
You feel a surge of power!
You conjure some foxfire!
The orc warrior hits you with a cursed -2 dire flail!
You die...

######
########$....#
.......@o###.#
......vv)....#
..........####
.####.....#
.......#
...?....#
...........
...........#
...........#


You could see an orc warrior.

Vanquished Creatures
  Grinder (D:5)
  A phantom (D:5)
  2 ogres (D:4)
  A howler monkey (D:3)
  A bullfrog skeleton (D:4)
  A jelly (D:5)
  An orc priest (D:6)
  3 orc wizards
  A centaur skeleton (D:4)
  An iguana (D:2)
  3 worker ants (D:4)
  6 adders
  10 gnolls
  A shadow imp (D:5)
  An adder skeleton (D:3)
  A worm (D:3)
  2 dart slugs
  3 leopard geckos
  28 orcs
  5 giant cockroaches
  8 goblins
  13 hobgoblins
  9 jackals
  5 bats
  5 frilled lizards
  7 kobolds
  7 rats
127 creatures vanquished.

Vanquished Creatures (others)
  302 foxfires
302 creatures vanquished.

Grand Total: 429 creatures vanquished

Notes
Turn   | Place    | Note
-------+----------+-------------------------------------------
     0 | D:1      | kaeus the Gargoyle Fire Elementalist began the quest for
                  | the Orb.
     0 | D:1      | Reached XP level 1. HP: 10/10 MP: 3/3
   136 | D:1      | Reached XP level 2. HP: 4/15 MP: 0/5
   754 | D:1      | Reached XP level 3. HP: 17/19 MP: 1/6
  1457 | D:2      | Found a snail-covered altar of Cheibriados.
  1513 | D:2      | Found a glowing golden altar of the Shining One.
  1525 | D:2      | Found an iron altar of Okawaru.
  1525 | D:2      | Found a sacrificial altar of Ru.
  1528 | D:2      | Found a white marble altar of Elyvilon.
  1530 | D:2      | Became a worshipper of the Shining One
  1738 | D:2      | Reached XP level 4. HP: 24/24 MP: 7/7
  2106 | D:3      | Reached XP level 5. HP: 16/28 MP: 6/9
  3018 | D:3      | Reached XP level 6. HP: 26/32 MP: 10/10
  3024 | D:3      | Learned a level 4 spell: Sticky Flame
  3030 | D:3      | Learned a level 5 spell: Fireball
  3199 | D:3      | Found a broken altar of Ashenzari.
  3323 | D:3      | Reached * piety under the Shining One
  3468 | D:3      | Found a hide-covered altar of Uskayaw.
  3734 | D:4      | Reached skill level 5 in Fire Magic
  3995 | D:4      | Reached XP level 7. HP: 15/36 MP: 6/12
  4190 | D:4      | Reached skill level 5 in Conjurations
  4761 | D:5      | Entered Level 5 of the Dungeon
  5282 | D:5      | Noticed Grinder
  5308 | D:5      | Killed Grinder
  5309 | D:5      | Reached XP level 8. HP: 41/41 MP: 14/14
  5433 | D:6      | Reached ** piety under the Shining One
  5436 | D:6      | Slain by an orc warrior

Illustrated notes

Levels and vault maps discovered:
D:1:      minmay_arrival_stair_chambers, layout_basic, nrook_campfire,
          minmay_box_of_dots
D:2:      layout_rooms, kennysheep_slug_shrine, grunt_temple_overflow_open,
          minmay_domino_2
D:3:      layout_basic, ashenzari_altar_1, nicolae_overflow_hidden_temple,
          mrwooster_statue_mirror
D:4:      layout_loops_ring
D:5:      layout_rooms, kennysheep_generic_room_3, uniq_grinder
D:6:      layout_basic, grunt_temple_overflow_champion_of_chaos,
          gammafunk_temple_overflow_elements, minmay_temple_entry_proselytizer,
          minivault_5, uniq_maggie

Skill      XL: |  1  2  3  4  5  6  7 |
---------------+----------------------+-----
Conjurations   | 2 3 4 6 |  6.5
Fire Magic     | 4 5 6 |  6.7
Spellcasting   | 3 4 |  4.2
Dodging        | |  1.5
Stealth        | |  2.1

Action                   |  1- 3 |  4- 6 |  7- 9 || total
-------------------------+-------+-------+-------++-------
Melee: Unarmed           |     4 |       |       ||     4
       Short sword       |    23 |       |       ||    23
       Club              |     4 |       |       ||     4
       Hand axe          |     8 |     7 |       ||    15
       Long sword        |       |    49 |    28 ||    77
 Cast: Foxfire           |    58 |    74 |    56 ||   188
       Sticky Flame      |       |     1 |       ||     1
  Use: Potion            |       |     1 |     3 ||     4
       Scroll            |       |       |    14 ||    14
Armor: Robe              |    27 |    34 |    17 ||    78
Dodge: Dodged            |    69 |    42 |    42 ||   153
       Rpst.: Long sword |       |    11 |     8 ||    19
